 Dungeon Crawl Stone Soup version 0.28.0 (webtiles) character file.

Game seed: 2547564442524589025

113 Sanktem7 the Slasher (level 4, -5/41 HPs)
             Began as a Gnoll Cinder Acolyte on Feb 16, 2022.
             Was a High Priest of Ignis.
             Killed by divine providence
             ... invoked by an orc priest
              (11 damage)
             ... on level 3 of the Dungeon.
             The game lasted 00:03:37 (2316 turns).

Sanktem7 the Slasher (Gnoll Cinder Acolyte)         Turns: 2316, Time: 00:03:38

Health: -5/41      AC:  3    Str: 15    XL:     4   Next: 96%
Magic:  7/17       EV: 11    Int: 14    God:    Ignis [*****.]
Gold:   105        SH:  0    Dex:  7    Spells: 7/9 levels left

rFire   + . .      SeeInvis .   a - -1 falchion (flame)
rCold   . . .      Faith    .   (no shield)
rNeg    . . .      Spirit   .   b - +0 robe
rPois   .          Reflect  .   (no helmet)
rElec   .          Harm     .   d - +0 cloak
rCorr   .          Rampage  .   (no gloves)
Will    .....                   (no boots)
Stlth   +.........              (no amulet)
HPRegen 0.13/turn               g - ring of magical power
MPRegen 0.15/turn               (no ring)

@: no status effects
A: fangs 1, strong nose, distributed training
a: Renounce Religion, Fiery Armour, Foxfire Swarm, Rising Flame


You were on level 3 of the Dungeon.
You worshipped Ignis.
Ignis was extremely pleased with you.
You visited 1 branch of the dungeon, and saw 3 of its levels.

You collected 105 gold pieces.

Inventory:

Hand Weapons
 a - a -1 falchion of flaming (weapon)
Armour
 b - a +0 robe (worn)
 d - a +0 cloak (worn)
Jewellery
 g - a ring of magical power (left hand)
Scrolls
 i - a scroll of identify {unknown}
Potions
 c - a potion of curing {unknown}
 e - a potion of ambrosia {unknown}
 f - a potion of heal wounds {unknown}
 h - a potion of mutation {unknown}


   Skills:
 + Level 6.6 Fighting
 + Level 1.3 Short Blades
 + Level 6.6 Long Blades
 + Level 1.3 Axes
 + Level 1.3 Maces & Flails
 + Level 1.3 Polearms
 + Level 1.3 Staves
 + Level 1.3 Slings
 + Level 1.3 Bows
 + Level 1.3 Crossbows
 + Level 1.3 Throwing
 + Level 1.3 Armour
 + Level 1.3 Dodging
 + Level 1.3 Stealth
 + Level 1.3 Shields
 + Level 1.3 Unarmed Combat
 + Level 3.1 Spellcasting
 + Level 1.0 Conjurations
 + Level 1.0 Hexes
 + Level 1.0 Summonings
 + Level 1.0 Necromancy
 + Level 1.0 Translocations
 + Level 1.0 Transmutations
 + Level 5.5 Fire Magic
 + Level 1.0 Ice Magic
 + Level 1.0 Air Magic
 + Level 1.0 Earth Magic
 + Level 1.0 Poison Magic
 + Level 1.4 Invocations
 + Level 1.3 Evocations


You had 7 spell levels left.
You knew the following spells:

 Your Spells              Type           Power      Damage    Failure   Level
a - Scorch                Fire           34%        2d7       3%          2

Your spell library contained the following spells:

 Spells                   Type           Power      Damage    Failure   Level
 Gell's Gravitas          Tloc           5%         N/A       38%         3
 Lesser Beckoning         Tloc           5%         N/A       38%         3
 Teleport Other           Tloc           5%         N/A       38%         3


Dungeon Overview and Level Annotations

Branches:
Dungeon (3/15)

Altars:

Shops:
D:1 (


Innate Abilities, Weirdness & Mutations

You have very sharp teeth.
Your uncanny sense of smell can sniff out nearby items.
Your experience applies equally to all skills.


Message History

The orc's fire resistance burns away.
The orc closely misses you. The orc closely misses you.
The orc hits you with a +0 club. The orc hits you with a +0 short sword.
Casting: Scorch (safe; 3% risk of failure)
Confirm with . or Enter, or press ? or * to list all spells.
Flames lash the rat.
You kill the rat!
The orc misses you. The orc hits you with a +0 club.
The orc hits you with a +0 short sword.
The orc is no longer more vulnerable to fire.
The orc hits you but does no damage. The orc barely misses you.
The orc hits you with a +0 short sword. The orc misses you.
The orc hits you with a +0 club.
Casting: Scorch (safe; 3% risk of failure)
Confirm with . or Enter, or press ? or * to list all spells.
Flames lash the orc.
You kill the orc!
The orc hits you with a +0 short sword.
* * * LOW HITPOINT WARNING * * *
The orc hits you but does no damage. The orc closely misses you. x2
Casting: Scorch (safe; 3% risk of failure)
Confirm with . or Enter, or press ? or * to list all spells.
Flames lash the orc.
The orc is severely wounded.
The orc's fire resistance burns away.
The orc closely misses you. The orc barely misses you.
The orc hits you but does no damage. The orc hits you with a +0 dagger.
* * * LOW HITPOINT WARNING * * *
The orc hits you with a +0 club.
* * * LOW HITPOINT WARNING * * *
The orc closely misses you.
Casting: Scorch (safe; 3% risk of failure)
Confirm with . or Enter, or press ? or * to list all spells.
Flames lash the orc.
You kill the orc!
The orc closely misses you. The orc hits you with a +0 club.
* * * LOW HITPOINT WARNING * * *
The orc priest calls down the wrath of Beogh upon you.
Beogh smites you!
You die...

#.............#
###.............####
................+...
########........###.
######### #........# #.
........# #........# #.
........#########........# #.
........##.oo....####....###.
.......†').o@.............##.
........##.####...#####+#.##.
........##.# #....... #.##.
........##.# .....### #..#.
........##.# ......# ##.#.
........+..# ......# #.#.
..............#....# #.#.
.##########...+....# #.#.
#.#.


You could see an orc priest and 2 orcs.

Vanquished Creatures
  A scorpion (D:3)
  A gnoll (D:2)
  2 worms (D:2)
  A dart slug (D:2)
  3 orcs (D:3)
  2 ball pythons (D:1)
  2 endoplasms (D:1)
  2 giant cockroaches
  3 goblins (D:1)
  4 hobgoblins
  2 jackals (D:1)
  4 kobolds
  2 quokkas (D:1)
  3 bats
  A frilled lizard (D:1)
  4 rats
37 creatures vanquished.

Notes
Turn   | Place    | Note
-------+----------+-------------------------------------------
     0 | D:1      | Sanktem7 the Gnoll Cinder Acolyte began the quest for the
                  | Orb.
     0 | D:1      | Reached XP level 1. HP: 23/23 MP: 4/4
   176 | D:1      | Reached XP level 2. HP: 19/29 MP: 5/5
  1076 | D:1      | Found a faded altar of an unknown god.
  1134 | D:1      | Found Doeletei's Antique Weapon Shoppe.
  1138 | D:1      | Learned a level 2 spell: Scorch
  1481 | D:2      | Reached XP level 3. HP: 29/35 MP: 1/7
  1818 | D:2      | Reached skill level 1 in Invocations
  1909 | D:2      | You fall into a shaft and drop 1 floor!
  2118 | D:3      | Reached skill level 1 in Short Blades
  2118 | D:3      | Reached skill level 1 in Axes
  2118 | D:3      | Reached skill level 1 in Maces & Flails
  2118 | D:3      | Reached skill level 1 in Polearms
  2118 | D:3      | Reached skill level 1 in Staves
  2118 | D:3      | Reached skill level 1 in Slings
  2118 | D:3      | Reached skill level 1 in Bows
  2118 | D:3      | Reached skill level 1 in Crossbows
  2118 | D:3      | Reached skill level 1 in Throwing
  2118 | D:3      | Reached skill level 1 in Armour
  2118 | D:3      | Reached skill level 1 in Dodging
  2118 | D:3      | Reached skill level 1 in Stealth
  2118 | D:3      | Reached skill level 1 in Shields
  2118 | D:3      | Reached skill level 1 in Unarmed Combat
  2118 | D:3      | Reached skill level 1 in Evocations
  2118 | D:3      | Noticed a scorpion
  2123 | D:3      | Killed a scorpion
  2124 | D:3      | Reached skill level 1 in Conjurations
  2124 | D:3      | Reached skill level 1 in Hexes
  2124 | D:3      | Reached skill level 1 in Summonings
  2124 | D:3      | Reached skill level 1 in Necromancy
  2124 | D:3      | Reached skill level 1 in Translocations
  2124 | D:3      | Reached skill level 1 in Transmutations
  2124 | D:3      | Reached skill level 1 in Ice Magic
  2124 | D:3      | Reached skill level 1 in Air Magic
  2124 | D:3      | Reached skill level 1 in Earth Magic
  2124 | D:3      | Reached skill level 1 in Poison Magic
  2124 | D:3      | Reached XP level 4. HP: 40/41 MP: 8/8
  2316 | D:3      | Killed from afar by an orc priest

Illustrated notes

Levels and vault maps discovered:
D:1:      dpeg_arrival_simpleton_b, layout_loops_ring, serial_shops, shop,
          shapermc_ecumenical_altar_petra
D:2:      layout_basic, minmay_pentomino_r4, uniq_robin
D:3:      layout_basic, chequers_jeans

Skill      XL: |  1  2  3 |
---------------+----------+-----
Invocations    | 1 |  1.4
Short Blades   | 1 |  1.3
Axes           | 1 |  1.3
Maces & Flails | 1 |  1.3
Polearms       | 1 |  1.3
Staves         | 1 |  1.3
Slings         | 1 |  1.3
Bows           | 1 |  1.3
Crossbows      | 1 |  1.3
Throwing       | 1 |  1.3
Armour         | 1 |  1.3
Dodging        | 1 |  1.3
Stealth        | 1 |  1.3
Shields        | 1 |  1.3
Unarmed Combat | 1 |  1.3
Evocations     | 1 |  1.3
Spellcasting   | 3 |  3.1
Conjurations   | 1 |  1.0
Hexes          | 1 |  1.0
Summonings     | 1 |  1.0
Necromancy     | 1 |  1.0
Translocations | 1 |  1.0
Transmutations | 1 |  1.0
Ice Magic      | 1 |  1.0
Air Magic      | 1 |  1.0
Earth Magic    | 1 |  1.0
Poison Magic   | 1 |  1.0
Fighting       | |  6.6
Long Blades    | |  6.6
Fire Magic     | |  5.5

Action                   |  1- 3 |  4- 6 || total
-------------------------+-------+-------++-------
Melee: Falchion          |    68 |       ||    68
       Bite              |     7 |       ||     7
 Cast: Scorch            |    20 |     9 ||    29
  Use: Scroll            |     1 |       ||     1
Armor: Robe              |    21 |     4 ||    25
Dodge: Dodged            |    52 |    14 ||    66
